[Event "Smuk Skak GM Tournament 2021"]
[Site "Skanderborg, Denmark"]
[Date "2021.08.14"]
[Round "1.1"]
[White "Janik, Igor"]
[Black "Pedersen, Nicolai Vesterbæk"]
[Result "1-0"]
[TimeControl "90 minutes + 30 minutes at move 40, 30 secs pr move from move 1"]
[WhiteTitle "IM"]
[BlackTitle "IM"]
[WhiteFideId "1159259"]
[BlackFideId "1402340"]
[WhiteElo "2500"]
[BlackElo "2369"]

1. c4 e5 2. Nc3 Nf6 3.
Nf3 Nc6 4. g3 Bb4 5. Nd5 a5 6. Bg2 d6 7. O-O O-O 8. e3 Bc5 9. d4 Ba7 10. dxe5 Nxe5 11. Qc2 c6 12. Nf4 Bg4 13.
Nd4 Bxd4 14. exd4 Nf3+ 15. Bxf3 Bxf3 16. Qc3 Bg4 17. f3 Bd7 18. b3 d5 19. c5 a4 20. Bd2 b5 21. Nd3 Bf5 22.
Nb4 Qd7 23. Bf4 h6 24. g4 Bh7 25. Rae1 Ne8 26. Qe3 axb3 27. axb3 g5 28. Bg3 Ng7 29. Qe5 Ra3 30. Qf6 Ne8 31.
Qxh6 f6 32. Re3 Ng7 33. Rfe1 Rf7 34. Bd6 Ra7 35. Re7 Rxe7 36. Rxe7 Qxe7 37. Bxe7 Rxe7 38. Qxf6 Re2 39. Qd8+ Kf7 40.
Nxc6 Ne6 41. Ne5+ 1-0

[Event "Smuk Skak GM Tournament 2021"]
[Site "Skanderborg, Denmark"]
[Date "2021.08.14"]
[Round "1.2"]
[White "Solodovnichenko, Yuri"]
[Black "Nagy, Gabor"]
[Result "1-0"]
[TimeControl "90 minutes + 30 minutes at move 40, 30 secs pr move from move 1"]
[WhiteTitle "GM"]
[BlackTitle "GM"]
[WhiteFideId "14104369"]
[BlackFideId "737119"]
[WhiteElo "2546"]
[BlackElo "2518"]

1. e4 c5 2. Nf3 Nc6 3. d4 cxd4 4. Nxd4 e5 5. Nb5 d6 6. N1c3 a6 7. Na3 Be7 8. Nc4 b5 9. Ne3 Nf6 10.
Bd3 O-O 11. O-O Rb8 12. a3 b4 13. Ncd5 Nxd5 14. exd5 bxa3 15. Rxa3 Nd4 16. Bxa6 f5 17. Bxc8 Qxc8 18. c3 Nb5 19.
Ra4 f4 20. Nc2 Qf5 21. Re1 Bh4 22. Rae4 Nc7 23. Nb4 Rb5 24. Qe2 Rb7 25. g3 Bg5 26. gxf4 exf4 27. f3 h6 28. Rd1 Kh8 29.
Qg2 h5 30. Nc6 Bf6 31. Bxf4 Nxd5 32. Bxd6 Ra8 33. Ne5 Kh7 34. Nc4 Ra2 35. Re2 Rd7 36. Red2 Ne7 37. Qe2 Qh3 38. Qg2 Qh4 39.
Qe2 Nf5 40. Qe4 Qxe4 41. fxe4 Nh4 42. Rd3 Ra4 43. Nb6 Rxd6 44. Nxa4 1-0

[Event "Smuk Skak GM Tournament 2021"]
[Site "Skanderborg, Denmark"]
[Date "2021.08.14"]
[Round "1.3"]
[White "Lindgren, Phillip"]
[Black "Brunello, Sabino"]
[Result "0-1"]
[TimeControl "90 minutes + 30 minutes at move 40, 30 secs pr move from move 1"]
[WhiteTitle "IM"]
[BlackTitle "GM"]
[WhiteFideId "1713230"]
[BlackFideId "813613"]
[WhiteElo "2356"]
[BlackElo "2517"]

1. d4 Nf6 2. c4 e6 3. Nf3 b6 4. g3 Ba6 5. b3 Bb7 6. Bg2 Bb4+ 7. Bd2 a5 8. O-O O-O 9. Nc3 d5 10.
Qc2 Nbd7 11. Bf4 c5 12. Nb5 cxd4 13. Bc7 Qe7 14. Nfxd4 Bc5 15. Rfd1 g6 16. a3 Rfc8 17. Qb2 e5 18.
cxd5 Nxd5 19. Nf5 gxf5 20. Bxd5 Bxf2+ 21. Kg2 Bxd5+ 22. Rxd5 Bd4 23. Qd2 Nf6 24. Qg5+ Kh8 25. Rd7 Qe6 26.
Rd6 Ne4 27. Nxd4 Qxd6 28. Bxd6 Nxg5 29. Bxe5+ Kg8 30. Rf1 Rc5 31. Rxf5 h6 32. h4 Re8 33. Bf4 Ne6 34. Rxc5 Nxf4+ 35. gxf4 bxc5 36. Nf5 Rxe2+ 0-1

[Event "Smuk Skak GM Tournament 2021"]
[Site "Skanderborg, Denmark"]
[Date "2021.08.14"]
[Round "1.4"]
[White "Ochsner, Bjørn Møller"]
[Black "Svane, Frederik"]
[Result "0-1"]
[TimeControl "90 minutes + 30 minutes at move 40, 30 secs pr move from move 1"]
[WhiteTitle "IM"]
[BlackTitle "IM"]
[WhiteFideId "1416928"]
[BlackFideId "12923044"]
[WhiteElo "2506"]
[BlackElo "2438"]

1. d4 Nf6 2. c4 e6 3. Nc3 Bb4 4. Qc2 O-O 5. Nf3 c5 6. dxc5 Na6 7. g3 Nxc5 8. Bg2 Nfe4 9. O-O Bxc3 10.
bxc3 b6 11. Rd1 Bb7 12. Bf4 Qf6 13. Rac1 Rac8 14. h4 h6 15. Ne5 d6 16. Nd3 e5 17. Be3 Qe6 18. Nxc5 Nxc5 19. Bd5 Bxd5 20.
Rxd5 Nb7 21. Qd3 Rc7 22. Rd1 f5 23. Bc1 f4 24. gxf4 Qg4+ 25. Qg3 Qxe2 26. R5d2 exf4 27. Rxe2 fxg3 28.
fxg3 Rxc4 29. Rd3 Nc5 30. Rxd6 Rxc3 31. Bf4 Rd3 32. Re7 Rf7 33. Re8+ Kh7 34. Kg2 Rxd6 35. Bxd6 Nd7 36. Be5 Nxe5 37.
Rxe5 Kg6 38. Re8 Rf5 39. Re4 Kf6 40. g4 Re5 41. Rf4+ Ke6 42. Kf3 g5 43. hxg5 hxg5 44. Rd4 Ke7 45.
a4 Ke6 46. Rc4 Rc5 47. Rd4 Ke5 48. Rb4 Kd5 49. Ke3 Rc3+ 50. Kd2 Rc4 51. Rb5+ Rc5 52. Rb4 Kc6 53. Kd3 a6 54. Re4 Rd5+ 55.
Kc3 Kd7 56. Kc4 Kd6 57. Kc3 b5 58. axb5 axb5 59. Re8 Rc5+ 60. Kd3 Rc4 61. Rb8 Kc5 62. Rc8+ Kb4 63. Rg8 Rxg4 64. Kd2 Kb3 65.
Ke3 b4 66. Kf3 Rf4 67. Ke3 Rg4 68. Kf3 Rd4 69. Rxg5 Kc3 70. Ke3 Rd8 0-1

[Event "Smuk Skak GM Tournament 2021"]
[Site "Skanderborg, Denmark"]
[Date "2021.08.14"]
[Round "1.5"]
[White "Olsen, Filip Boe"]
[Black "Antolak, Julia"]
[Result "1-0"]
[TimeControl "90 minutes + 30 minutes at move 40, 30 secs pr move from move 1"]
[WhiteTitle "IM"]
[BlackTitle "WIM"]
[WhiteFideId "1440640"]
[BlackFideId "1159569"]
[WhiteElo "2397"]
[BlackElo "2340"]

1. d4 Nf6 2. c4 g6 3. Nc3 d5 4. cxd5 Nxd5 5. e4 Nxc3 6. bxc3 Bg7 7. Nf3 c5 8. h3 O-O 9. Be2 Nc6 10.
Be3 cxd4 11. cxd4 f5 12. Bc4+ Kh8 13. O-O f4 14. Bd2 Nxd4 15. Bc3 b5 16. Bd5 Nxf3+ 17. Qxf3 Rb8 18. Rac1 Bb7 19.
Rfd1 Qb6 20. Bb4 Bxd5 21. exd5 Rf7 22. Re1 Qb7 23. Rc6 Rd8 24. Qe4 Bf6 25. Ba5 Rdf8 26. Bb4 Rd8 27. Rec1 Kg7 28.
Bc3 Qd7 29. Bxf6+ Rxf6 30. R1c5 Rxc6 31. dxc6 Qd1+ 32. Kh2 Qd6 33. Rxb5 Rc8 34. Re5 Kf7 35. Ra5 Rxc6 36. Rxa7 Rc5 37.
Ra4 Rf5 38. Qf3 Kg7 39. Re4 Kf7 40. a4 Qc7 41. Qb3+ Kg7 42. Qe6 f3+ 43. g3 Kf8 44. Re3 Qa7 45. Qe4 Kg8 46. Qxe7 Qxa4 47.
Rd3 Rf7 48. Rd8+ Kg7 49. Qe5+ Kh6 50. Rd4 Rf5 51. Qe3+ 1-0

[Event "Smuk Skak GM Tournament 2021"]
[Site "Skanderborg, Denmark"]
[Date "2021.08.15"]
[Round "2.1"]
[White "Svane, Frederik"]
[Black "Janik, Igor"]
[Result "1/2-1/2"]
[TimeControl "90 minutes + 30 minutes at move 40, 30 secs pr move from move 1"]
[WhiteTitle "IM"]
[BlackTitle "IM"]
[WhiteFideId "12923044"]
[BlackFideId "1159259"]
[WhiteElo "2438"]
[BlackElo "2500"]

1. e4 e5 2. Nf3 Nf6 3. Nc3 Nc6 4. h3 Bc5 5. Nxe5 Nxe5 6. d4 Bd6 7. dxe5 Bxe5 8. Bd3 O-O 9. O-O Re8 10.
Nb5 c6 11. f4 Bb8 12. Nc3 d6 13. Qf3 a5 14. Be3 a4 15. Rae1 Be6 16. Kh1 Ba7 17. Bxa7 Rxa7 18. e5 dxe5 19. fxe5 Nd7 20. Qh5 g6 21. Qh6 Ra5 22. Qf4 Qc7 23. Nxa4 Qb8 24. Nc3 Rxe5 25. Rxe5 Qxe5 26. Qf2 f5 27. Re1 Qd6 28.
Bc4 Nf6 29. Rxe6 Rxe6 30. Bxe6+ Qxe6 31. a4 Qe5 32. Qb6 Nh5 33. Qxb7 Ng3+ 34. Kh2 Ne4+ 35. Kg1 Qd4+ 36. Kh2 Qe5+ 37. Kg1 Qd4+ 38. Kh2 Qe5+ 1/2-1/2

[Event "Smuk Skak GM Tournament 2021"]
[Site "Skanderborg, Denmark"]
[Date "2021.08.15"]
[Round "2.2"]
[White "Pedersen, Nicolai Vesterbæk"]
[Black "Olsen, Filip Boe"]
[Result "0-1"]
[TimeControl "90 minutes + 30 minutes at move 40, 30 secs pr move from move 1"]
[WhiteTitle "IM"]
[BlackTitle "IM"]
[WhiteFideId "1402340"]
[BlackFideId "1440640"]
[WhiteElo "2369"]
[BlackElo "2397"]

1. Nf3 Nf6 2. g3 b5 3. Bg2 Bb7 4. O-O e6 5. b3 c5 6. c4 bxc4 7. bxc4 Be7 8. Nc3 O-O 9. Rb1 Bc6 10.
d3 d6 11. Bd2 Nbd7 12. Qc2 Rb8 13. Rb3 Rb6 14. Rfb1 Qa8 15. e4 d5 16. cxd5 exd5 17. Nh4 dxe4 18. dxe4 c4 19. Rxb6 axb6 20.
Be3 Re8 21. Nf5 Bf8 22. f3 Rb8 23. Nb5 Ne5 24. Nbd4 Qa4 25. Qc3 b5 26. Bf4 b4 27. Qa1 Nfd7 28. Nxc6 Nxc6 29. Bxb8 Ndxb8 30. Bf1 g6 31. Bxc4 gxf5 32.
Qf6 Qa7+ 33. Kg2 fxe4 34. Rd1 exf3+ 35. Qxf3 Ne5 36. Qf4 Qe7 37. Bd5 Nbd7 38. Be4 Nf6 39. Bb1 Qb7+ 40. Kh3 Qf3 41.
Qxf3 Nxf3 42. Bc2 Ne5 43. Bb3 Kg7 44. Rd4 Bc5 45. Rf4 h6 46. Kg2 Nfg4 47. h3 Nf6 48.
g4 Ng6 49. Rc4 Bd6 50. Rc6 Be5 51. Rc4 Bd6 52. Rc6 Ne8 53. Ba4 Nf4+ 54. Kf1 Ne6 55. Rb6 N6c7 56. Bb3 Kf6 57. Kg2 Ke7 58.
h4 Ne6 59. Rb5 Nd4 60. Rb7+ Nc7 61. Bc4 Nde6 62. Bxe6 Kxe6 63. Rb8 Kf6 64. Rb6 Ke7 65. Rb8 Nd5 66. Rh8 Nc3 67. Ra8 Kf6 68. Kf3 Kg7 69. Ra7 Bc5 70. Rc7 Bd6 71. Ra7 Kf6 72.
Ra6 Ke5 73. Ra5+ Kd4 74. g5 hxg5 75. hxg5 Be7 76. Rf5 Nxa2 77. Kg4 b3 78. Rf4+ Kd5 79. Rf3 Nc1 80. Rxf7 b2 81. Rf5+ Kc6 82. g6 b1=Q 83. g7 Qe4+ 0-1

[Event "Smuk Skak GM Tournament 2021"]
[Site "Skanderborg, Denmark"]
[Date "2021.08.15"]
[Round "2.3"]
[White "Brunello, Sabino"]
[Black "Antolak, Julia"]
[Result "1-0"]
[TimeControl "90 minutes + 30 minutes at move 40, 30 secs pr move from move 1"]
[WhiteTitle "GM"]
[BlackTitle "WIM"]
[WhiteFideId "813613"]
[BlackFideId "1159569"]
[WhiteElo "2517"]
[BlackElo "2340"]

1. d4 Nf6 2. c4 e6 3. Nc3 Bb4 4.
e3 c5 5.
Nge2 cxd4 6. exd4 O-O 7. a3 Be7 8. Nf4 Re8 9. Be3 b6 10. Be2 Bb7 11. O-O d6 12. Qd2 Nbd7 13. b4 Rc8 14.
Rac1 Qc7 15. Rfd1 Qb8 16. d5 e5 17. Nh3 Ba6 18. Qa2 Rc7 19. a4 Rec8 20. Nb5 Bxb5 21. axb5 Ne8 22. Rc3 f5 23. f4 Bf6 24. Ra3 h6 25. fxe5 Nxe5 26. c5 bxc5 27. bxc5 Rxc5 28. Bxc5 Rxc5 29. Rxa7 Nc7 30. Nf4 Ng4 31. Bxg4 fxg4 32. Ne6 Rc2 33. Qxc2 Qxa7+ 34. Kh1 Nxb5 35.
Qc8+ Kh7 36. Nf8+ Kg8 37. Nd7+ 1-0

[Event "Smuk Skak GM Tournament 2021"]
[Site "Skanderborg, Denmark"]
[Date "2021.08.15"]
[Round "2.4"]
[White "Nagy, Gabor"]
[Black "Ochsner, Bjørn Møller"]
[Result "1-0"]
[TimeControl "90 minutes + 30 minutes at move 40, 30 secs pr move from move 1"]
[WhiteTitle "GM"]
[BlackTitle "IM"]
[WhiteFideId "737119"]
[BlackFideId "1416928"]
[WhiteElo "2518"]
[BlackElo "2506"]

1. c4 e5 2. Nc3 Bb4 3. Nd5 a5 4. Nf3 d6 5. a3 Bc5 6. d4 exd4 7. Nxd4 c6 8. Nc3 Nf6 9. Bg5 h6 10.
Bh4 g5 11. Bg3 Nh5 12. e3 Nxg3 13. hxg3 Qe7 14. Be2 Na6 15. Qc2 Bd7 16. O-O-O O-O-O 17. Nf5 Bxf5 18. Qxf5+ Kb8 19. Kb1 Nc7 20.
g4 Ne8 21. Rh3 Ng7 22. Qc2 Qe6 23. Rdh1 f5 24. gxf5 Qxf5 25. Qxf5 Nxf5 26. Bg4 Rhf8 27.
Ne4 Rde8 28. Bxf5 Rxf5 29. g4 Rff8 30. f3 Bxe3 31. Nxd6 Rd8 32. Nf5 Bf4 33. Rxh6 Rd3 34. Rh7 Rfd8 35. Rh8 Rxh8 36. Rxh8+ Ka7 37. c5 Rd5 38. b4 Rd3 39.
Kc2 Rxa3 40. b5 Rxf3 41. b6+ 1-0

[Event "Smuk Skak GM Tournament 2021"]
[Site "Skanderborg, Denmark"]
[Date "2021.08.15"]
[Round "2.5"]
[White "Lindgren, Phillip"]
[Black "Solodovnichenko, Yuri"]
[Result "0-1"]
[TimeControl "90 minutes + 30 minutes at move 40, 30 secs pr move from move 1"]
[WhiteTitle "IM"]
[BlackTitle "GM"]
[WhiteFideId "1713230"]
[BlackFideId "14104369"]
[WhiteElo "2356"]
[BlackElo "2546"]

1. d4 Nf6 2. c4 e6 3. Nf3 Bb4+ 4. Nbd2 O-O 5. a3 Be7 6. e3 c5 7. dxc5 a5 8. b3 Bxc5 9. Bb2 b6 10.
Bd3 Bb7 11. Qb1 h6 12. Rg1 d5 13. g4 Nbd7 14. g5 hxg5 15. Rxg5 Re8 16. cxd5 exd5 17. Ke2 Nf8 18. b4 Bd6 19.
Nd4 Ne6 20. Nxe6 Rxe6 21. Bd4 axb4 22. axb4 Rxa1 23. Qxa1 Bxb4 24. Nf3 Bc5 25. Qg1 Qf8 26. Qg2 Bxd4 27. Nxd4 Re4 28. Nf5 g6 29.
Rxg6+ fxg6 30. Qxg6+ Kh8 31. Bxe4 dxe4 32. Nh6 Qg7 33. Nf7+ Kg8 34. Nh6+ Kf8 0-1

[Event "Smuk Skak GM Tournament 2021"]
[Site "Skanderborg, Denmark"]
[Date "2021.08.17"]
[Round "4.1"]
[White "Lindgren, Phillip"]
[Black "Janik, Igor"]
[Result "1-0"]
[TimeControl "90 minutes + 30 minutes at move 40, 30 secs pr move from move 1"]
[WhiteTitle "IM"]
[BlackTitle "IM"]
[WhiteFideId "1713230"]
[BlackFideId "1159259"]
[WhiteElo "2356"]
[BlackElo "2500"]

1. d4 Nf6 2. c4 g6 3. Nc3 Bg7 4. Nf3 d6 5. e4 O-O 6. Be2 Na6 7. O-O e5 8. Re1 c6 9. Bf1 exd4 10. Nxd4 Ng4 11. Nf3 Qb6 12.
Re2 Be6 13. h3 Ne5 14. Nxe5 Bxe5 15. Be3 Qc7 16. Rd2 Nc5 17. Bd4 a5 18. g3 Rad8 19. Qe2 h5 20. f4 Bxd4+ 21. Rxd4 Bc8 22.
Qf2 Qe7 23. Re1 Kg7 24. e5 Ne6 25. exd6 Rxd6 26. Rde4 Qd8 27. b3 b6 28. Qe3 c5 29. Nd5 Bb7 30. f5 gxf5 31. Rh4 Bxd5 32.
Rxh5 Qf6 33. cxd5 Rxd5 34. Bc4 f4 35. Qf3 Rxh5 36. Qxh5 fxg3 37. Qg4+ Ng5 38. Qxg3 Rh8 39. Re5 Rxh3 40.
Rxg5+ Kh6 41. Qxh3+ Kxg5 42. Qe3+ Kg6 43. a4 Kg7 44.
Kg2 Kf8 45. Qf3 Qg5+ 46. Kh3 Qh6+ 47.
Kg4 Qg6+ 48. Kf4 Qf6+ 49. Kg3 Qg5+ 50. Kf2 Qd2+ 51. Be2 Qd4+ 52. Qe3 Qh4+ 53. Kg2 Qf6 54. Qf3 Qg5+ 55. Kf1 Qc1+ 56. Kf2 Qb2 57. Qa8+ Kg7 58. Qg2+ Kf8 59. Qa8+ Kg7 60. Qd5 Qf6+ 61. Ke3 Qh6+ 62. Kd3 Qf4 63. Kc2 Qe3 64. Qf3 Qh6 65. Kb2 Qd2+ 66. Kb1 Qd6 67. Bc4 Qg6+ 68. Kb2 Kf8 69. Bd5 Qg7+ 70. Kc2 Ke7 71. Qe4+ Kd6 72. Bc4 Qf6 73. Kb1 Qf2 74. Qd3+ Kc7 75. Qf1 1-0

[Event "Smuk Skak GM Tournament 2021"]
[Site "Skanderborg, Denmark"]
[Date "2021.08.17"]
[Round "4.2"]
[White "Solodovnichenko, Yuri"]
[Black "Ochsner, Bjørn Møller"]
[Result "1/2-1/2"]
[TimeControl "90 minutes + 30 minutes at move 40, 30 secs pr move from move 1"]
[WhiteTitle "GM"]
[BlackTitle "IM"]
[WhiteFideId "14104369"]
[BlackFideId "1416928"]
[WhiteElo "2546"]
[BlackElo "2506"]

1. e4 c5 2. Nf3 d6 3. d4 cxd4
4. Nxd4 Nf6 5. Nc3 a6 6. a4 e5 7. Nf3 Be7 8. Bg5 Be6 9. Bxf6 Bxf6 10. Nd5 Bxd5 11. Qxd5 Qc7 12. Bc4 O-O 13. O-O Nd7 14. a5 b5 15. Ba2 Be7 16. c3 Rac8 17. Rfe1 g6 18. Re2 Kg7 19. Qd1 Nf6 20.
Ne1 Rb8 21. Nc2 Qxa5 22. Nb4 Qb6 23. Bd5 Nxd5 24. Nxd5 Qb7 25. Nxe7 Qxe7 26. Rxa6 Ra8 27.
Rxa8 Rxa8 28. g3 Ra6 29. Rd2 Qc7 30. Rd5 Qc4 31. Rxd6 Rxd6 32. Qxd6 1/2-1/2

[Event "Smuk Skak GM Tournament 2021"]
[Site "Skanderborg, Denmark"]
[Date "2021.08.17"]
[Round "4.3"]
[White "Nagy, Gabor"]
[Black "Olsen, Filip Boe"]
[Result "1-0"]
[TimeControl "90 minutes + 30 minutes at move 40, 30 secs pr move from move 1"]
[WhiteTitle "GM"]
[BlackTitle "IM"]
[WhiteFideId "737119"]
[BlackFideId "1440640"]
[WhiteElo "2518"]
[BlackElo "2397"]

1. d4 d5 2. c4 c6 3. Nf3 Nf6 4. e3 Bf5 5. Nc3 e6 6.
Nh4 Bg6 7. Bd2 Nbd7 8. Nxg6 hxg6 9. cxd5 exd5 10. Bd3 Bd6 11. h3 g5 12. Qc2 g4 13.
O-O-O gxh3 14. gxh3 Qc7 15. f3 O-O-O 16. Kb1 Nh5 17. e4 dxe4 18. fxe4 f6 19. Rhg1 Kb8 20. Be2 Nf8 21. Be3 Nf4 22.
Bg4 g5 23. Bf5 N8g6 24. e5 Nxe5 25. Bxf4 gxf4 26. dxe5 Bc5 27. Rxd8+ Rxd8 28. Rd1 fxe5 29. Ne4 Bb6 30. Bg4 Qe7 31. a3 a6 32. Rxd8+ Qxd8 33. Qc4 Qh4 34. Ka2 Qe7 35. Qe6 Bd8 36.
Kb3 Qxe6+ 37. Bxe6 Kc7 38. Kc2 Be7 39. Kd3 b5 40. Bg4 a5 41.
Nd2 a4 42. Ke4 Kd6 43. Be2 Ke6 44. Nf3 b4 45. axb4 Bxb4 46. Nxe5 a3 47. bxa3 Bxa3 48. Nxc6 f3 49. Bxf3 Kf6 50.
Kf4 Bc1+ 51. Kg4 Kg6 52. Be4+ Kh6 53. Nd4 Bd2 54. h4 Bc1 55. h5 Kg7 56. Bg6 Bb2 57. Nf5+ Kh8 58. h6 Ba3 59.
Kh5 Bb4 60. Nd4 Bc3 61. Ne6 Bf6 62. h7 Be7 63. Bc2 Bf6 64. Kg6 Be7 65. Kf7 Bd8 66. Bd3 Be7 67. Kg6 Bf6 68. Nf4 Be5 69.
Nh3 Bf4 70. Nf2 Bg3 71. Ng4 Bf4 72.
Be4 Bh6 73. Ne5 1-0

[Event "Smuk Skak GM Tournament 2021"]
[Site "Skanderborg, Denmark"]
[Date "2021.08.17"]
[Round "4.4"]
[White "Svane, Frederik"]
[Black "Antolak, Julia"]
[Result "1-0"]
[TimeControl "90 minutes + 30 minutes at move 40, 30 secs pr move from move 1"]
[WhiteTitle "IM"]
[BlackTitle "WIM"]
[WhiteFideId "12923044"]
[BlackFideId "1159569"]
[WhiteElo "2438"]
[BlackElo "2340"]

1. e4 c5 2. Nc3 d6 3.
Nge2 a6 4. d4 cxd4 5. Qxd4 Nc6 6. Qd2 Nf6 7. b3 e6 8. Bb2 b5 9. f3 h5 10. O-O-O Bb7 11. Kb1 Rc8 12. Nf4 Be7 13. a4 bxa4 14.
Nxa4 e5 15. Nd5 Nxd5 16. Qxd5 Qc7 17. Bc4 O-O 18. Qd2 Nd4 19. Bxd4 exd4 20. Qxd4 d5 21. exd5 Bf6 22. d6 Qa5 23.
Qb6 Qe5 24. Ka2 Bc6 25. Rhe1 Qf5 26.
Bd3 Qg5 27. Qc5 Bd5 28. Qxd5 Qxd5 29. Bh7+ Kxh7 30. Rxd5 Rxc2+ 31. Ka3 Rd8 32. d7 Rc7 33. Nc5 Rb8 34. Re8 Rb5 35. Rc8 Ra5+ 36.
Kb4 Rb5+ 37. Kc4 1-0

[Event "Smuk Skak GM Tournament 2021"]
[Site "Skanderborg, Denmark"]
[Date "2021.08.17"]
[Round "4.5"]
[White "Brunello, Sabino"]
[Black "Pedersen, Nicolai Vesterbæk"]
[Result "1/2-1/2"]
[TimeControl "90 minutes + 30 minutes at move 40, 30 secs pr move from move 1"]
[WhiteTitle "GM"]
[BlackTitle "IM"]
[WhiteFideId "813613"]
[BlackFideId "1402340"]
[WhiteElo "2517"]
[BlackElo "2369"]

1. d4 Nf6 2. c4 e6 3. Nc3 Bb4 4. e3 O-O 5. Bd2 c5 6. Bd3 cxd4 7. exd4 d5 8.
cxd5 exd5 9. f3 Bxc3 10. bxc3 b6 11. Ne2 Ba6 12. Bg5 Bxd3 13. Qxd3 Nbd7 14. c4 dxc4 15. Qxc4 Rc8 16. Qa6 h6 17. Bh4 Rc2 18. Rc1 Rxc1+ 19. Nxc1 Re8+ 20. Ne2 Qe7 21. Qd3 Qb4+ 22. Kf2 Qb2 23. Rd1 Qxa2 24. Rd2 Qa5 25. Bxf6 Nxf6 26. d5 Qc5+ 27. Qd4 Qxd4+ 28. Nxd4 Rd8 29. Nc6 Rd7 30. d6 Ne8 31. Nxa7 Rxd6 32. Rb2 Rd7 1/2-1/2

[Event "Smuk Skak GM Tournament 2021"]
[Site "Skanderborg, Denmark"]
[Date "2021.08.18"]
[Round "5.1"]
[White "Ochsner, Bjørn Møller"]
[Black "Brunello, Sabino"]
[Result "1-0"]
[TimeControl "90 minutes + 30 minutes at move 40, 30 secs pr move from move 1"]
[WhiteTitle "IM"]
[BlackTitle "GM"]
[WhiteFideId "1416928"]
[BlackFideId "813613"]
[WhiteElo "2506"]
[BlackElo "2517"]

1. e4 c5 2. Nf3 d6 3. Bb5+ Nd7 4. O-O a6 5. Bd3 Ngf6 6. c3 e5 7. Re1 Be7 8. Bf1 O-O 9. d4 Re8 10.
d5 Nf8 11. a4 b6 12. b4 Qc7 13. Na3 Bd7 14. bxc5 Qxc5 15. Nc4 Qc7 16. Ba3 Bg4 17. a5 N8d7 18. h3 Bxf3 19. Qxf3 b5 20.
Nd2 Qxa5 21. Bxd6 Qb6 22. Bxe7 Rxe7 23. Reb1 Ree8 24. Nc4 Qc7 25. Na5 Nc5 26. Rb4 Rad8 27. Nc6 Rd6 28.
Re1 Rxc6 29. dxc6 Qxc6 30. c4 Ne6 31. cxb5 axb5 32. Bxb5 Qc5 33. Rbb1 Nd4 34. Qe3 Rc8 35. Rec1 Qf8 36. Rxc8 Qxc8 37. Ba6 Qa8 38. Qg5 1-0

[Event "Smuk Skak GM Tournament 2021"]
[Site "Skanderborg, Denmark"]
[Date "2021.08.18"]
[Round "5.2"]
[White "Pedersen, Nicolai Vesterbæk"]
[Black "Svane, Frederik"]
[Result "1/2-1/2"]
[TimeControl "90 minutes + 30 minutes at move 40, 30 secs pr move from move 1"]
[WhiteTitle "IM"]
[BlackTitle "IM"]
[WhiteFideId "1402340"]
[BlackFideId "12923044"]
[WhiteElo "2369"]
[BlackElo "2438"]

1. c4 c5 2. g3 g6 3.
Bg2 Bg7 4. Nc3 Nc6 5. d3 d6 6. Qd2 h5 7. h4 Nh6 8.
b3 O-O 9. Bb2 Rb8 10. e3 e5 11. Nge2 Be6 12. O-O Qd7 13. Ne4 Bh3 14. d4 Bxg2 15. Kxg2 exd4 16. exd4 Rbe8 17. Ng5 Nf5 18. d5 Bxb2 19. Qxb2 Ncd4 20.
Nxd4 Nxd4 21. Rae1 b5 22. Qc3 b4 23. Qd3 a5 24. Nf3 Qf5 25. Qxf5 Nxf5 26. a4 Kg7 27. Kh3 Rh8 28. Kg2 f6 29.
Kh3 Kf7 30. g4 hxg4+ 31. Kxg4
Rxe1 32. Rxe1 Re8 33. Rxe8 Kxe8 34. h5 Nh6+ 35. Kh4 Nf5+ 36. Kg4 Nh6+ 37. Kh4 Kf7 38. Nd2 Nf5+ 39. Kg4 Nh6+ 40. Kh4 Nf5+ 41. Kg4 Nd4 42. h6 Kg8 43. Kf4 Kh7 44. Ne4 g5+ 45. Ke3
Nf5+ 46. Kf3 Kxh6 47. Nxf6 Kg6 48. Ne8 g4+ 49. Ke4 Kg5 50. Nc7
Nd4 51. Ne6+ Nxe6 52. dxe6 Kf6 53. Kd5 Ke7 54. Kc6 Kxe6 55. Kb5
d5 56. Kxc5 dxc4 57. Kxc4 Ke5 58. Kd3 Kd5 59. Ke3 Ke5 60. Kd3
Kf4 61. Kd2 Kf3 62. Ke1 Kg2 63. Ke2 Kh2 64. Kd2 Kh1 65. Kd1
Kh2 1/2-1/2

[Event "Smuk Skak GM Tournament 2021"]
[Site "Skanderborg, Denmark"]
[Date "2021.08.18"]
[Round "5.3"]
[White "Janik, Igor"]
[Black "Solodovnichenko, Yuri"]
[Result "0-1"]
[TimeControl "90 minutes + 30 minutes at move 40, 30 secs pr move from move 1"]
[WhiteTitle "IM"]
[BlackTitle "GM"]
[WhiteFideId "1159259"]
[BlackFideId "14104369"]
[WhiteElo "2500"]
[BlackElo "2546"]

1. e4 c5 2. Nf3 d6 3. d4 cxd4
4. Nxd4 Nf6 5. Nc3 Nc6 6. Bg5 e6 7. Qd2 a6 8. O-O-O Bd7 9.
f4 Be7 10. Nf3 b5 11. Bxf6 gxf6 12. f5 Qb6 13. g3 O-O-O 14. Bh3 Kb8 15. fxe6 fxe6 16. Kb1 Bc8 17.
Qe1 h5 18. Rf1 Ne5 19. Ne2 Ng4 20. Nf4 Qb7 21. Qe2 Rdg8 22. Nh4 Rh6 23. Nxh5 Rxh5 24. Bxg4 Re5 25. Bf3 d5 26. Rfe1 f5 27. Bh5 Bxh4 28. gxh4 Rxe4 29. Qf2 Qa7 30. Qf3 Rxh4 31. Qe2 Qc7 32. Bf3 Rxh2 33. Qe3 0-1

[Event "Smuk Skak GM Tournament 2021"]
[Site "Skanderborg, Denmark"]
[Date "2021.08.18"]
[Round "5.4"]
[White "Antolak, Julia"]
[Black "Nagy, Gabor"]
[Result "0-1"]
[TimeControl "90 minutes + 30 minutes at move 40, 30 secs pr move from move 1"]
[WhiteTitle "WIM"]
[BlackTitle "GM"]
[WhiteFideId "1159569"]
[BlackFideId "737119"]
[WhiteElo "2340"]
[BlackElo "2518"]

1. e4 c5 2. Nf3 e6 3.
d4 cxd4 4. Nxd4 Nc6 5. Nc3 a6 6. Nxc6 bxc6 7. Bd3 d5 8. Qf3 g6 9. O-O Bg7 10. Bd2 Ne7 11. Rad1 O-O 12. Na4 f5 13. exd5 cxd5 14.
Rfe1 e5 15. Bg5 e4 16. Qe3 h6 17. Bxe7 Qxe7 18. Nb6 f4 19. Qd2 Qb7 20. Nxa8 exd3 21. Qxd3 Bf5 22. Qxd5+ Qxd5 23. Rxd5 Rxa8 24. c3 Rb8 25. Rd2 h5 26. h3 f3 27. Re7 Bh6 28. Rd1 Bf8 29.
Ra7 Rxb2 30. Rd8 Be4 31. gxf3 Bxf3 32. h4 Rb6 33. Kh2 Rf6 34. Kg3 Be4 35. Re7 Rf3+ 36. Kh2 Rxf2+ 37. Kg3 Rf3+ 38. Kh2 Bd5 39. Ra7 Bc4 40. Kg2 Rf6 41. a3 Bf7 42. Rc8 Bd5+ 43. Kh2 Rf4 44. Kg3 Rg4+ 45. Kh3 Ra4 46. Re7 Bf7 47. Kg3 Rxa3 48. Ra7 Kg7 49. Kf3 Ra5 50.
Rcc7 Rf5+ 51. Ke4 a5 52. c4 Bd6 53. Rd7 Bb4 54. Rdc7 Bc5 55.
Rab7 a4 56. Rb5 Bd6 57. Rd7 Rf4+ 58. Ke3 Rf6 59. c5 Bf4+ 60.
Ke4 Bg3 61. Rbb7 a3 62. Ra7 Bf2 63. Rxa3 Bxc5 64. Rf3 Bf2 65.
Rh3 Be1 66. Ra7 Kh6 0-1

[Event "Smuk Skak GM Tournament 2021"]
[Site "Skanderborg, Denmark"]
[Date "2021.08.18"]
[Round "5.5"]
[White "Olsen, Filip Boe"]
[Black "Lindgren, Phillip"]
[Result "1/2-1/2"]
[TimeControl "90 minutes + 30 minutes at move 40, 30 secs pr move from move 1"]
[WhiteTitle "IM"]
[BlackTitle "IM"]
[WhiteFideId "1440640"]
[BlackFideId "1713230"]
[WhiteElo "2397"]
[BlackElo "2356"]

1. c4 Nf6 2. Nc3 e6 3. e4 d5 4. e5 d4 5. exf6 dxc3 6. bxc3 Qxf6 7. d4 Nd7 8. Nf3 h6 9. Bd3 Bd6 10.
O-O O-O 11. c5 Bf4 12. Ba3 c6 13. Qe2 h5 14. Rae1 g6 15. Nd2 Qe7 16. Ne4 b6 17. Qf3 Bb8 18. Nd6 bxc5 19. dxc5 Nxc5 20.
Ne4 Qc7 21. g3 Nxd3 22. Nf6+ Kg7 23. Bxf8+ Kxf8 24. Qxd3 Qe7 25. Rd1 Bc7 26. Ne4 e5 27.
Qc4 Bg4 28. Qxc6 Rc8 29. Nf6 Bxd1 30. Rxd1 Kg7 31. Ne4 Rd8 32. Rd5 Rxd5 33. Qxd5 Bb6 34. h4 f5 35. Ng5 e4 36. Ne6+ Kh7 37.
Qe5 Kg8 38. c4 Kf7 39. Ng5+ Ke8 40. Qe6 Qxe6 41. Nxe6 Kf7 42. Nf4 Bd4 43. Kf1 Kf6 44. Ke2 Bc5 45. f3 Bd4 46. Nd5+ Ke6 47. Nc7+
Ke5 48. Nd5 Bc5 49. Nf4 Kf6 50. Nd5+ Ke5 51. Nf4 Kf6 52.
Nd5+ Ke5 53. Nf4 1/2-1/2